 Dungeon Crawl Stone Soup version 0.24-a0-189-g5d897e9104 (webtiles) character file.

Game seed: 2453398629382557679

164 MrRokkomies the Sneak (level 5, -2/34 HPs)
             Began as an Octopode Assassin on Mar 17, 2019.
             Slain by an orc
             ... wielding a +0 mace
              (8 damage)
             ... on level 3 of the Dungeon.
             The game lasted 00:06:00 (2621 turns).

MrRokkomies the Sneak (Octopode Assassin)           Turns: 2621, Time: 00:06:01

Health: -2/34      AC:  1    Str:  9 (10) XL:     5   Next: 45%
Magic:  5/5        EV: 10    Int: 10 (13) God:
Gold:   46         SH:  8    Dex: 14 (15) Spells: 4/4 levels left

rFire    . . .     SeeInvis .   a - +2 dagger
rCold    + . .     Gourm    .   g - +0 shield
rNeg     . . .     Faith    .   (helmet restricted)
rPois    .         Spirit   .   (no amulet)
rElec    .         Reflect  .   i - ring of protection from cold
rCorr    .         Harm     .   (no ring)
MR       .....                  (no ring)
Stlth    ++++......             (no ring)
HPRegen  0.11/turn              (no ring)
MPRegen  0.09/turn              (no ring)
                                (no ring)
                                (no ring)

@: no status effects
A: almost no armour, stealthy swim, amphibious, 8 rings, constrict 8, camouflage
1, gelatinous body 1
a: no special abilities


You were on level 3 of the Dungeon.
You were hungry.

You visited 1 branch of the dungeon, and saw 3 of its levels.

You collected 46 gold pieces.

Inventory:

Hand Weapons
 a - a +2 dagger (weapon)
 b - a +0 blowgun
Missiles
 c - 21 poisoned needles
 d - 2 curare-tipped needles
 e - 41 stones (quivered)
Armour
 g - a +0 shield (worn)
Jewellery
 i - a ring of protection from cold (left tentacle)
Scrolls
 j - 2 scrolls of identify {unknown}
 k - 2 scrolls of blinking
 o - a scroll of noise {unknown}
Potions
 m - a potion of brilliance {unknown}
 n - a potion of might {unknown}
Comestibles
 f - 3 rations


   Skills:
 - Level 2.0 Fighting
 - Level 2.0 Short Blades
 * Level 3.7 Throwing
 - Level 1.0 Dodging
 + Level 6.2 Stealth
 * Level 2.9 Shields


You had 4 spell levels left.
You didn't know any spells.
Your spell library was empty.

Dungeon Overview and Level Annotations

Branches:
Dungeon (3/15)

Altars:
Hepliaklqana


Innate Abilities, Weirdness & Mutations

You cannot wear most types of armour.
You are very stealthy in the water. (Stealth+)
You are amphibious.
You can wear up to eight rings at the same time.
You can use your tentacles to constrict eight enemies at once.
Your skin changes colour to match your surroundings (Stealth+).
Your rubbery body absorbs attacks. (AC +1, EV +1)


Message History

a - a +2 dagger (weapon)
The orc barely misses you.
You completely miss the orc. You grab the orc. You squeeze the orc.
The orc is almost dead.
You constrict the orc.
You kill the orc!
b - a +0 blowgun (weapon)
You block the orc's attack.
Firing (i - inventory. (/) - cycle)
c - 22 poisoned needles (quivered)
Press: ? - help, Shift-Dir - straight line, f - orc
Aim: an orc, wielding a +0 mace You shoot a poisoned needle.
The poisoned needle hits the orc.
The orc is poisoned.
a - a +2 dagger (weapon)
The orc hits you with a +0 mace.
* * * LOW HITPOINT WARNING * * *
You closely miss the orc. Your grab misses the orc.
The orc is lightly wounded.
The orc hits you with a +0 mace!
You die...

# #.#≈≈≈≈≈
#.###w..≈≈≈≈
#..<....≈≈≈≈
...S..##o.##.≈≈
.$..# #.w# [..
#..# . ##..#
###.#..w####
........lo@.#
#....#..w##.#
#.######## .# #
.# .. ##


You could see 2 dart slugs, an orc and a frilled lizard.

Vanquished Creatures
  A bullfrog (D:2)
  An orc wizard (D:3)
  3 adders
  An ooze (D:1)
  2 worms (D:2)
  3 orcs (D:3)
  7 bats
  A giant cockroach (D:1)
  3 goblins (D:2)
  A hobgoblin (D:1)
  A ball python (D:1)
  3 frilled lizards
  5 kobolds
  5 rats
37 creatures vanquished.

Notes
Turn   | Place    | Note
-------+----------+-------------------------------------------
     0 | D:1      | MrRokkomies the Octopode Assassin began the quest for the
                  | Orb.
     0 | D:1      | Reached XP level 1. HP: 14/14 MP: 1/1
   677 | D:1      | Reached XP level 2. HP: 19/19 MP: 2/2
   744 | D:1      | Reached skill level 1 in Shields
  1700 | D:2      | Found a hazy altar of Hepliaklqana.
  1929 | D:2      | Reached XP level 3. HP: 24/24 MP: 3/3
  2021 | D:2      | Noticed a bullfrog
  2047 | D:2      | Killed a bullfrog
  2047 | D:2      | Reached skill level 6 in Stealth
  2047 | D:2      | Reached XP level 4. HP: 11/29 MP: 4/4
  2402 | D:2      | Reached XP level 5. HP: 34/34 MP: 5/5
  2577 | D:2      | Noticed a phantom
  2621 | D:3      | Slain by an orc

Levels and vault maps discovered:
D:1:      dpeg_arrival_circle_labyrinth_c, layout_basic, minmay_tetromino_o2
D:2:      layout_loops_corners, evilmike_ruin_ashenzari, lemuel_crystal_altar,
          serial_aquarium, aquarium_bridge_square [aquarium_subvault_bridge,
          aquarium_subvault_bridge, aquarium_subvault_bridge,
          aquarium_subvault_wall], aquarium_window_1, aquarium_window_2,
          aquarium_window_fake, aquarium_view_2d, aquarium_pool_2
D:3:      kennysheep_slugbush, layout_loops_ring, grunt_temple_overflow_open,
          chequers_ecumenical_altar_island, first_ration, elyvilon_altar_3,
          uniq_robin

Skill      XL: |  1  2  3 |
---------------+----------+-----
Shields        | 1 2 |  2.9
Throwing       | 3 |  3.7
Stealth        | 6 |  6.2
Fighting       | |  2.0
Short Blades   | |  2.0
Dodging        | |  1.0

Action                   |  1- 3 |  4- 6 || total
-------------------------+-------+-------++-------
Melee: Dagger            |    37 |    20 ||    57
       Constrict         |    11 |     8 ||    19
       Tentacles         |     7 |     4 ||    11
 Fire: Blowgun           |    17 |     9 ||    26
  Use: Scroll            |     4 |       ||     4
       Potion            |       |     2 ||     2
 Stab: Sleeping          |     8 |     5 ||    13
  Eat: Ration            |     1 |       ||     1
       Chunk             |       |     1 ||     1
Armor: Skin              |     1 |     2 ||     3
Dodge: Dodged            |     6 |     6 ||    12
Block: Shield            |     5 |     5 ||    10

Table legend:
 A = Non-vault XP
 B = Vault XP
 C = Vault XP percentage of total XP
 D = Non-vault monster count
 E = Vault monster count
 F = Vault count percentage of total count
                 A         B        C        D         E       F
            +---------+---------+-------+---------+---------+-------
      Total |     233 |       2 |   0.9 |      35 |       2 |   5.4
            +---------+---------+-------+---------+---------+-------
        D:1 |      28 |       2 |   6.7 |      16 |       2 |  11.1
        D:2 |     146 |       0 |   0.0 |      14 |       0 |   0.0
        D:3 |      59 |       0 |   0.0 |       5 |       0 |   0.0
            +---------+---------+-------+---------+---------+-------
